 Dungeon Crawl Stone Soup version 0.17.1-2-g5865329 (webtiles) character file.

1396 Starbucks the Ducker (level 8, 0/70 HPs)
             Began as a Yellow Draconian Berserker on Jan 12, 2016.
             Was a Priest of Trog.
             Slain by Poody's ghost (3 damage)
             ... on level 5 of the Dungeon.
             The game lasted 00:25:32 (5536 turns).

Starbucks the Ducker (Yellow Draconian Berserker)   Turns: 5536, Time: 00:25:32

Health: 0/70       AC:  7    Str: 20    XL:     8   Next: 41%
Magic:  8/8        EV: 13    Int:  8    God:    Trog [***...]
Gold:   181        SH:  9    Dex: 12    Spells: 0 memorised, 7 levels left

rFire  . . .     SeeInvis .     a - +0 falchion
rCold  . . .     Clarity  .     (armour unavailable)
rNeg   . . .     SustAt   .     f - +0 shield
rPois  .         Gourm    .     (helmet restricted)
rElec  .         Spirit   .     g - +0 cloak
rCorr  +         Warding  .     (no gloves)
rMut   .         Rnd*Tele +     (no boots)
MR     .....                    (no amulet)
Stlth  ++........               (no ring)
                                (no ring)

@: exhausted, slowed, very slow, not resistant to hostile enchantments,
unstealthy
A: spit acid, acid resistance, unfitting armour, deterioration 1, teleportitis
1, cold-blooded, AC +6
a: Spit Acid, Berserk, Trog's Hand, Burn Spellbooks, Renounce Religion


You were on level 5 of the Dungeon.
You worshipped Trog.
Trog was most pleased with you.
You were very hungry.

You visited 1 branch of the dungeon, and saw 5 of its levels.

You collected 181 gold pieces.

Inventory:

Hand Weapons
 a - a +0 falchion (weapon)
Missiles
 e - a javelin of penetration (quivered)
 h - 6 curare-tipped needles
 j - 30 arrows
 m - 8 poisoned javelins
Armour
 b - a +0 pair of gloves
 f - a +0 shield (worn)
 g - a +0 cloak (worn)
Jewellery
 i - an uncursed ring of magical power
Scrolls
 d - a scroll of magic mapping
 l - 4 scrolls of remove curse
Potions
 k - 2 potions of resistance {unknown}
 r - a potion of magic
 u - a potion of lignification {unknown}
Comestibles
 c - a royal jelly
 n - 3 meat rations
 o - a beef jerky
 p - a chunk of flesh
 q - 2 slices of pizza
 s - 2 bread rations


   Skills:
 + Level 6.0 Fighting
 + Level 5.1 Long Blades
 + Level 0.1 Throwing
 + Level 6.8 Dodging
 + Level 1.9 Stealth
 + Level 3.7 Shields


You had 7 spell levels left.
You didn't know any spells.

Dungeon Overview and Level Annotations

Branches:
Dungeon (5/15)
 Temple: D:4-7

Altars:
Fedhas
Nemelex Xobeh

Annotations:
D:5 Pikel; Poody's ghost, novice CeHu


Innate Abilities, Weirdness & Mutations

You can spit globs of acid.
You are resistant to acid.
Your golden yellow scales are hard (AC +6).
Your body does not fit into most forms of armour.
You are cold-blooded and may be slowed by cold attacks.
Your body sometimes deteriorates upon taking damage.
You are occasionally teleported next to monsters.


Message History

Drink which item? (? for menu, Esc to quit)
It was a potion of magic.
Magic courses through your body. You block Poody's ghost's attack.
Poody's ghost hits you!
* * * LOW HITPOINT WARNING * * *
Drink which item? (? for menu, Esc to quit)
It was a potion of mutation.
You feel extremely strange.
You feel weirdly uncertain.
You feel yourself wasting away. Poody's ghost barely misses you.
You feel something passing dangerously close to your head.
You block Poody's ghost's attack.
Poody's ghost hits you but does no damage.
Poody's ghost hits you.
* * * LOW HITPOINT WARNING * * *
You block Poody's ghost's attack. Poody's ghost completely misses you.
You hit Poody's ghost but do no damage.
You tail-slap Poody's ghost, but do no damage.
Poody's ghost is almost destroyed.
Poody's ghost hits you.
You die...

############ #....<.....#
############ #..........#
#..........# #..........#
#..........#
#..........###..........#
#.........@WKp..........#
#######..........##.o.........#
#....##..........##...........#
......#..........##...........#
........>........##o###########
.......############p# .......#


.op ........# .pa.. #....##... ....... You could see Pikel, a slave, Poody's
ghost and an orc.

Vanquished Creatures
  A two-headed ogre (D:5)
  The ghost of Herrn the Shield-Bearer, an amateur FoFi (D:4)
  Edmund (D:4)
  2 ogres
  3 giant frogs
  A scorpion (D:4)
  A hound (D:5)
  2 orc wizards (D:3)
  Ijyb (D:2)
  A centaur skeleton (D:4)
  A centaur zombie (D:3)
  An orc priest (D:4)
  Jessica (D:2)
  Natasha (thrice) (D:3)
  An iguana (D:4)
  A hound skeleton (D:5)
  7 adders
  A shadow imp (D:5)
  2 worms
  5 giant geckos
  9 orcs
  6 giant cockroaches
  3 hobgoblins
  6 jackals
  4 quokkas
  A ball python (D:4)
  8 bats
  A giant gecko skeleton (D:4)
  5 giant newts
  11 goblins
  12 kobolds
  10 rats
113 creatures vanquished.

Notes
Turn   | Place    | Note
--------------------------------------------------------------
     0 | D:1      | Starbucks the Draconian Berserker began the quest for the Orb.
     0 | D:1      | Reached XP level 1. HP: 19/19 MP: 1/1
   401 | D:1      | Reached XP level 2. HP: 26/26 MP: 2/2
   817 | D:1      | Reached XP level 3. HP: 15/33 MP: 3/3
   818 | D:1      | Reached ** piety under Trog
  1363 | D:2      | Noticed Ijyb
  1418 | D:2      | Killed Ijyb
  1495 | D:2      | Reached XP level 4. HP: 38/40 MP: 4/4
  1522 | D:2      | Reached skill level 1 in Shields
  1591 | D:2      | Noticed Jessica
  1593 | D:2      | Found a blossoming altar of Fedhas.
  1601 | D:2      | Killed Jessica
  2027 | D:3      | Noticed a giant frog
  2035 | D:3      | Killed a giant frog
  2035 | D:3      | Reached skill level 4 in Dodging
  2035 | D:3      | Reached XP level 5. HP: 26/46 MP: 5/5
  2578 | D:3      | Found a sparkling altar of Nemelex Xobeh.
  2705 | D:3      | Reached skill level 1 in Stealth
  2722 | D:3      | Reached XP level 6. HP: 52/52 MP: 6/6
  2792 | D:3      | Noticed Natasha
  2814 | D:3      | Killed Natasha
  2814 | D:3      | Reached *** piety under Trog
  2814 | D:3      | Received a gift from Trog
  2870 | D:3      | Noticed Natasha
  2882 | D:3      | Killed Natasha
  2972 | D:3      | Reached skill level 5 in Dodging
  3061 | D:3      | Noticed Natasha
  3071 | D:3      | Killed Natasha
  3543 | D:4      | Noticed Herrn's ghost (amateur FoFi)
  3557 | D:4      | HP: 3/79 [Herrn's ghost (10)]
  3558 | D:4      | Killed Herrn's ghost
  3558 | D:4      | Your scales start taking on a golden yellow colour.
  3558 | D:4      | Reached XP level 7. HP: 3/60 MP: 7/7
  3888 | D:4      | Reached skill level 5 in Fighting
  4518 | D:4      | Reached skill level 6 in Dodging
  4801 | D:4      | Noticed Edmund
  4815 | D:4      | Killed Edmund
  4944 | D:4      | Received a gift from Trog
  5043 | D:4      | Reached XP level 8. HP: 48/69 MP: 8/8
  5221 | D:5      | Entered Level 5 of the Dungeon
  5504 | D:5      | Noticed a two-headed ogre
  5506 | D:5      | Noticed Poody's ghost (novice CeHu)
  5509 | D:5      | Noticed Pikel
  5513 | D:5      | Killed a two-headed ogre
  5513 | D:5      | Reached skill level 5 in Long Blades
  5529 | D:5      | Gained mutation: You are occasionally teleported next to monsters. [potion of mutation]
  5529 | D:5      | Gained mutation: Your body sometimes deteriorates upon taking damage. [potion of mutation]
  5532 | D:5      | HP: 2/70 [Poody's ghost (3)]
  5536 | D:5      | Slain by Poody's ghost

Action                   |  1- 3 |  4- 6 |  7- 9 || total
-------------------------+-------+-------+-------++-------
Melee: Falchion          |   160 |   198 |   163 ||   521
Throw: Javelin           |       |       |     7 ||     7
Invok: Berserk           |       |     5 |     5 ||    10
  Use: Scroll            |     4 |     4 |     4 ||    12
       Potion            |       |     1 |     3 ||     4
 Stab: Sleeping          |     1 |     1 |       ||     2
  Eat: Chunk             |     2 |     4 |     8 ||    14
       Bread ration      |       |     1 |       ||     1
       Meat ration       |       |     1 |       ||     1
       Pizza             |       |       |     1 ||     1
